 Dungeon Sprint DCSS version 0.30-a0-920-g7493c07aab (webtiles) character file.

Game seed: 18168009286769609875

6100000 Atreus the Intangible (level 15, -2/95 HPs)
             Began as a Felid Warper on Mar 21, 2023.
             Was an Elder of Makhleb.
             Killed by divine providence
             ... invoked by an accursed
              (12 damage)
             ... in the Dungeon (Sprint VIII: "Arena of Blood").
             The game lasted 00:03:14 (61 turns).

Atreus the Intangible (Felid Warper)                  Turns: 61, Time: 00:03:15

Health: -2/95      AC:  3    Str:  7    XL:     15   Next: 50%
Magic:  24/28      EV: 46    Int: 15    God:    Makhleb [****..]
Gold:   0          SH:  0    Dex: 23    Spells: 18/18 levels left
                                        Lives:  0   Deaths: 2

rFire   . . .      SeeInvis +      - Unarmed
rCold   + . .      Faith    .    (shield unavailable)
rNeg    . . .      Spirit   .    (body armour unavailable)
rPois   .          Reflect  .    (helmet unavailable)
rElec   .          Rampage  .    (cloak unavailable)
rCorr   .          NoTele   +    (gloves unavailable)
Will    ++...                    (boots unavailable)
Stlth   ++                       (no amulet)
HPRegen 0.35/turn                g - +27000 ring of slaying
MPRegen 0.21/turn                (no ring)

@: quick
A: very small, claws 1, fangs 3, see invisible, speed 1, shaggy fur 3, stealthy
paws, no weapons or thrown items, no armour, multi-lived
a: Renounce Religion, Minor Destruction, Lesser Servant of Makhleb, Major
Destruction


You were in the Dungeon.
You worshipped Makhleb.
Makhleb was greatly pleased with you.
You visited 1 branch

Inventory:

Jewellery
 g - a +27000 ring of slaying (left paw)
Potions
 e - 2 potions of magic
 f - a potion of berserk rage


   Skills:
 O Level 27 Fighting
 O Level 27 Dodging
 O Level 27 Unarmed Combat
 - Level 2.0 Spellcasting
 + Level 10.3 Conjurations
 + Level 15.6 Hexes
 + Level 11.2 Summonings
 + Level 11.2 Necromancy
 - Level 4.4 Translocations
 + Level 11.5 Transmutations
 + Level 9.8 Fire Magic
 + Level 9.8 Ice Magic
 + Level 9.7 Air Magic
 + Level 9.7 Earth Magic
 + Level 9.7 Poison Magic
 + Level 17.8 Invocations
 + Level 11.5 Evocations


You had 18 spell levels left.
You didn't know any spells.
Your spell library contained the following spells:

 Spells                   Type           Power      Damage    Failure   Level
 Vhi's Electric Charge    Tloc/Air       44%        N/A       3%          3
 Blink                    Tloc           28%        N/A       5%          2
 Lesser Beckoning         Tloc           28%        N/A       5%          2
 Teleport Other           Tloc           14%        N/A       11%         3
 Manifold Assault         Tloc           14%        N/A       36%         4


Dungeon Overview and Level Annotations

Branches:
Dungeon (1/1)

Altars:
Makhleb


Innate Abilities, Weirdness & Mutations

You have sharp claws.
You have razor-sharp teeth.
You have supernaturally acute eyesight. (SInv)
You cover ground quickly. (Speed+)
Your thick and shaggy fur keeps you warm. (AC +3, rC+)
Your paws help you pounce on unaware monsters.
You are incapable of wielding weapons or throwing items.
You cannot wear armour.
You gain extra lives every three experience levels.


Message History

You hear a shout! x5
The eight-headed meat hydra calls on the powers of darkness!
The eight-headed meat hydra convulses!
The bag of meat convulses! x4
Your body is wracked with pain!
The bag of meat convulses!
You hear a shout!
The accursed casts a spell at you. Something smites you!
* * * LOW HITPOINT WARNING * * *
You hear a shout! x3
Unknown command.
Aiming: Major Destruction (0% risk of failure)
Press: ? - help, Q - select action, (/) - cycle Shift-Dir - straight line, f - bag of meat
Aim: a bag of meat, wielding a +9 war axe and wearing a +30 ring of slaying (severely wounded)
Okay, then.
Aiming: Major Destruction (0% risk of failure)
Press: ? - help, Q - select action, (/) - cycle Shift-Dir - straight line, f - accursed
Aim: an accursed The bolt of acid hits the accursed!!
The accursed is lightly damaged.
You hear a shout! x13
The eight-headed meat hydra calls on the powers of darkness!
The eight-headed meat hydra convulses!
The bag of meat convulses! x4
Your body is wracked with pain!
* * * LOW HITPOINT WARNING * * *
A meat berserker comes into view. It is wielding a +9 battleaxe.
You hear a shout!
Okay, then.
You aren't carrying any scrolls.
You aren't carrying any scrolls.
You feel better.
You hear a shout! x6
The eight-headed meat hydra calls on the powers of darkness!
The eight-headed meat hydra convulses!
The meat berserker convulses!
The bag of meat convulses! x4; Your body is wracked with pain!
* * * LOW HITPOINT WARNING * * *
You hear a shout! x5
The destroyer shouts!
You hear a shout! x8
The accursed points at you and mumbles some strange words.
Something smites you!
You die...

#################
#.....†O=.......####
.....OVVO.....@..o.o#
.....2#....M.####.o.O..#
......M...............D.
###O....##M##...........
.............M.....o...
..........#.#.......#...
.........§V§.OV.oo####..
......o§)O....Oo..O...
....o§OoOz..O.o.....o.


You could see 2 accurseds, a destroyer, a large bag of meat (inner flame), 2
meat berserkers and 3 bags of meat.

Vanquished Creatures
  2 vampire knights (D)
  3 ogres (D)
  A two-headed ogre (D)
  A lich (D)
  9 orcs (D)
  A skeletal warrior (D)
17 creatures vanquished.

Notes
Turn   | Place    | Note
-------+----------+-------------------------------------------
     0 | D        | Atreus the Felid Warper began the quest for the Orb.
     0 | D        | Reached XP level 1. HP: 9/9 MP: 4/4
     0 | D        | Noticed a bag of meat
     2 | D        | Noticed a bag of meat
     2 | D        | Noticed a bag of meat
     4 | D        | Noticed a bag of meat
     6 | D        | Became a worshipper of Makhleb the Destroyer
     6 | D        | Noticed a bag of meat
     7 | D        | Noticed a bag of meat
     7 | D        | Noticed a bag of meat
     8 | D        | Noticed a meat berserker
     8 | D        | Killed a bag of meat
     8 | D        | Noticed a bag of meat
     9 | D        | Reached XP level 2. HP: 24/24 MP: 6/6
     9 | D        | Reached XP level 3. HP: 27/27 MP: 7/7
     9 | D        | Reached XP level 4. HP: 31/31 MP: 8/8
     9 | D        | Reached XP level 5. HP: 35/35 MP: 9/9
     9 | D        | Gained mutation: You are covered in thick fur. (AC +2)
                  | [Felid growth]
     9 | D        | Reached XP level 6. HP: 39/39 MP: 10/10
     9 | D        | Reached XP level 7. HP: 43/43 MP: 11/11
     9 | D        | Reached XP level 8. HP: 47/47 MP: 12/12
     9 | D        | Reached XP level 9. HP: 51/51 MP: 13/13
     9 | D        | Reached XP level 10. HP: 55/55 MP: 14/14
     9 | D        | Killed a bag of meat
     9 | D        | Reached * piety under Makhleb
    10 | D        | Reached skill level 15 in Fighting
    10 | D        | Reached skill level 15 in Unarmed Combat
    10 | D        | Reached XP level 11. HP: 61/61 MP: 15/15
    10 | D        | Killed a bag of meat
    11 | D        | Reached skill level 27 in Dodging
    11 | D        | Gained mutation: Your thick and shaggy fur keeps you warm.
                  | (AC +3, rC+) [Felid growth]
    11 | D        | Reached XP level 12. HP: 67/67 MP: 16/16
    11 | D        | Noticed a bag of meat
    12 | D        | Killed a bag of meat
    13 | D        | Reached XP level 13. HP: 74/74 MP: 17/17
    13 | D        | Killed a meat berserker
    13 | D        | Reached ** piety under Makhleb
    13 | D        | Noticed a meat berserker
    13 | D        | Noticed a bag of meat
    14 | D        | Killed a bag of meat
    15 | D        | Reached XP level 14. HP: 84/84 MP: 18/18
    16 | D        | Killed a bag of meat
    17 | D        | Killed a bag of meat
    17 | D        | Reached *** piety under Makhleb
    18 | D        | Killed a meat berserker
    18 | D        | Noticed a bag of meat
    18 | D        | Noticed a bag of meat
    19 | D        | Reached skill level 27 in Unarmed Combat
    19 | D        | Reached XP level 15. HP: 94/94 MP: 19/19
    20 | D        | Reached skill level 27 in Fighting
    20 | D        | Noticed a meat berserker
    21 | D        | Reached **** piety under Makhleb
    25 | D        | Noticed a large bag of meat
    25 | D        | Noticed a large bag of meat
    26 | D        | Killed a meat berserker
    26 | D        | Noticed a large bag of meat
    27 | D        | Reached skill level 5 in Conjurations
    27 | D        | Reached skill level 5 in Fire Magic
    27 | D        | Reached skill level 5 in Ice Magic
    27 | D        | Reached skill level 5 in Air Magic
    27 | D        | Reached skill level 5 in Earth Magic
    27 | D        | Reached skill level 5 in Poison Magic
    27 | D        | Reached skill level 5 in Invocations
    27 | D        | Noticed a meat berserker
    28 | D        | Noticed a meat berserker
    28 | D        | Noticed a destroyer
    31 | D        | Noticed a destroyer
    31 | D        | Noticed a large bag of meat
    32 | D        | Noticed a meat berserker
    32 | D        | Noticed a meat berserker
    32 | D        | Noticed a meat berserker
    32 | D        | Noticed a meat berserker
    32 | D        | Noticed a destroyer
    33 | D        | Noticed an eight-headed meat hydra
    35 | D        | Noticed a meat berserker
    35 | D        | Noticed a destroyer
    35 | D        | Noticed a destroyer
    35 | D        | Noticed a meat berserker
    35 | D        | Noticed a meat berserker
    35 | D        | Noticed a meat berserker
    35 | D        | Noticed a meat berserker
    35 | D        | Noticed a meat berserker
    36 | D        | Noticed a meat berserker
    36 | D        | Noticed a meat berserker
    36 | D        | Noticed a meat berserker
    36 | D        | Noticed a destroyer
    36 | D        | Noticed a destroyer
    36 | D        | Noticed a large bag of meat
    37 | D        | Noticed a meat berserker
    37 | D        | Noticed a large bag of meat
    37 | D        | Noticed a destroyer
    37 | D        | Noticed a meat berserker
    37 | D        | Noticed a sculptor of flesh
    41 | D        | Noticed a destroyer
    41 | D        | Noticed a sculptor of flesh
    43 | D        | Noticed a destroyer
    43 | D        | Noticed a large bag of meat
    43 | D        | Noticed a sculptor of flesh
    44 | D        | Noticed a destroyer
    44 | D        | Noticed a sculptor of flesh
    45 | D        | Noticed a large bag of meat
    45 | D        | Noticed a meat berserker
    46 | D        | Killed a destroyer
    47 | D        | Reached XP level 16. HP: 100/100 MP: 20/22
    47 | D        | Killed a sculptor of flesh
    49 | D        | Noticed a destroyer
    50 | D        | Noticed an accursed
    50 | D        | Noticed an accursed
    51 | D        | Killed a destroyer
    51 | D        | Noticed a meat berserker
    51 | D        | Noticed a large bag of meat
    52 | D        | Reached skill level 10 in Summonings
    52 | D        | Reached skill level 10 in Necromancy
    52 | D        | Reached skill level 10 in Transmutations
    52 | D        | Reached skill level 10 in Evocations
    52 | D        | Killed a large bag of meat
    52 | D        | Reached ***** piety under Makhleb
    53 | D        | Reached skill level 10 in Conjurations
    53 | D        | Reached skill level 15 in Hexes
    53 | D        | Reached skill level 10 in Invocations
    53 | D        | Reached XP level 17. HP: 50/104 MP: 20/25
    53 | D        | Noticed an accursed
    53 | D        | Slain by a meat berserker
    54 | D        | Reached XP level 16. HP: -2/100 MP: 20/24
    54 | D        | Noticed a meat berserker
    54 | D        | Noticed a destroyer
    54 | D        | Noticed a tyrant
    54 | D        | Annihilated by a destroyer
    55 | D        | Reached XP level 15. HP: -123/95 MP: 23/23
    55 | D        | Killed a tyrant
    56 | D        | Noticed an eight-headed meat hydra
    59 | D        | Noticed a meat berserker
    61 | D        | Killed from afar by an accursed

Illustrated notes

Levels and vault maps discovered:
D:        meatsprint

Skill      XL: |  1  2  3  4  5  6  7  8  9 10 11 12 13 14 15 16 |
---------------+-------------------------------------------------+-----
Fighting       | 13 15 16 18 22 26 27 | 27.0
Dodging        | 22 25 27 | 27.0
Unarmed Combat | 13 15 17 19 24 27 | 27.0
Conjurations   | 7 10 | 10.3
Hexes          | 11 15 | 15.6
Summonings     | 8 11 | 11.2
Necromancy     | 8 11 | 11.2
Transmutations | 8 11 | 11.5
Fire Magic     | 7 9 |  9.8
Ice Magic      | 7 9 |  9.8
Air Magic      | 7 9 |  9.7
Earth Magic    | 7 9 |  9.7
Poison Magic   | 7 9 |  9.7
Invocations    | 17 10 | 17.8
Evocations     | 8 11 | 11.5
Spellcasting   | |  2.0
Translocations | |  4.4

Action                     |  1- 3 |  4- 6 |  7- 9 | 10-12 | 13-15 | 16-18 || total
---------------------------+-------+-------+-------+-------+-------+-------++-------
  Melee: Unarmed           |     1 |       |       |     3 |    10 |     3 ||    17
 Invoke: Major Destruction |       |       |       |       |     1 |       ||     1
         Greater Servant o |       |       |       |       |       |     1 ||     1
    Use: Potion            |       |       |       |       |     3 |       ||     3
         Scroll            |       |       |       |       |     2 |       ||     2
  Dodge: Dodged            |       |       |       |     1 |     1 |       ||     2

Table legend: (Time is in decaauts)
 A = Elapsed time spent in this place.
 B = Non-inter-level travel time spent in this place.
 C = Inter-level travel time spent in this place.
 D = Time resting spent in this place.
 E = Time spent auto-exploring this place.
 F = Levels seen in this place.
 G = Mean time per level.
                   A        B        C        D        E       F      G
               +--------+--------+--------+--------+--------+-----+--------+
         Total |     40 |     40 |      0 |      0 |      0 |   1 |   40.0 |
       Dungeon |     40 |     40 |      0 |      0 |      0 |   1 |   40.0 |
               +--------+--------+--------+--------+--------+-----+--------+

Top non-repeatable levels by time:
       D: 40 daAuts
